 Dungeon Crawl Stone Soup version 0.31-a0-1001-g770356a28f (webtiles) character file.

Game seed: 9725943163619994983

74 BinkBink the Shield-Bearer (level 4, -9/29 HPs)
             Began as a Gargoyle Fighter on Nov 8, 2023.
             Mangled by a gnoll
             ... wielding a +0 halberd
              (12 damage)
             ... on level 2 of the Dungeon.
             The game lasted 00:01:31 (1154 turns).

BinkBink the Shield-Bearer (Gargoyle Fighter)       Turns: 1154, Time: 00:01:32

Health: -9/29      AC: 13    Str: 19    XL:     4   Next: 28%
Magic:  4/4        EV:  7    Int:  9    God:
Gold:   58         SH:  4    Dex: 11    Spells: 3/3 levels left

rFire   . . .        a - +0 flail
rCold   . . .        c - +0 buckler
rNeg    + . .        k - +0 chain mail
rPois   ∞            (no helmet)
rElec   +            (no cloak)
rCorr   .            (no gloves)
SInv    .            (no boots)
Will    .....        (no amulet) Stlth
                     (no ring)
HPRegen 0.24/turn    (no ring)
MPRegen 0.09/turn

%: no passive effects
@: no status effects
A: sickness immunity, AC +3, negative energy resistance 1, electricity
resistance, torment resistance 1, petrification resistance
a: no special abilities


You were on level 2 of the Dungeon.
You visited 1 branch of the dungeon, and saw 2 of its levels.

You collected 58 gold pieces.

Inventory:

Hand Weapons
 a - a +0 flail (weapon)
Armour
 c - a +0 buckler (worn)
 k - a +0 chain mail (worn)
Jewellery
 e - a ring of ice
Scrolls
 f - 2 scrolls of identify {unknown}
 g - a scroll of acquirement {unknown}
 j - a scroll of enchant armour {unknown}
Potions
 d - a potion of might
 h - a potion of curing {unknown}
 i - a potion of degeneration {unknown}


   Skills:
 + Level 3.9 Fighting
 + Level 2.6 Maces & Flails
 + Level 3.8 Armour
 + Level 0.6 Dodging
 + Level 3.9 Shields


You had 3 spell levels left.
You didn't know any spells.
Your spell library contained the following spells:

 Spells                   Type           Power      Damage    Failure   Level
 Kiss of Death            Conj/Necr      0%         2d5       99%         1
 Confusing Touch          Hex            0%         N/A       100%        3
 Dispel Undead            Necr           0%         3d6       100%        4


Dungeon Overview and Level Annotations

Branches:
Dungeon (2/15)

Altars:


Innate Abilities, Weirdness & Mutations

You are immune to sickness and miasma.
Your stone body is resilient. (AC +3)
You are immune to poison.
You resist negative energy. (rN+)
You are resistant to electric shocks. (rElec)
You are resistant to unholy torment.
You are immune to petrification.


Message History

You hit the gnoll.
The gnoll is moderately wounded.
You block the gnoll's attack.
The gnoll hits you from afar with a +0 halberd.
You block the gnoll's attack. The gnoll barely misses you.
The gnoll hits you but does no damage. x2
You are too injured to fight recklessly!
Unknown command.
You are too injured to fight recklessly!
You are too injured to fight recklessly!
The gnoll attacks as it pursues you! You block the gnoll's attack.
The gnoll attacks as it pursues you! The gnoll hits you but does no damage.
You sock the gnoll!
The gnoll is almost dead.
The gnoll hits you with a +0 flail.
The gnoll hits you from afar with a +0 spear.
You hit the gnoll.
You kill the gnoll!
The gnoll barely misses you.
You have reached level 4!
You feel clever. The gnoll hits you but does no damage.
The gnoll hits you from afar with a +0 halberd.
You see here a +0 flail.
You closely miss the gnoll. You block the gnoll's attack.
The gnoll hits you but does no damage. The gnoll barely misses you.
You hit the gnoll but do no damage. The gnoll barely misses you.
The gnoll closely misses you.
You barely miss the gnoll. The gnoll hits you but does no damage.
The gnoll completely misses you.
You barely miss the gnoll. You block the gnoll's attack. x3
You hit the gnoll.
The gnoll is heavily wounded.
You block the gnoll's attack. The gnoll hits you but does no damage.
You sock the gnoll!
You kill the gnoll!
The gnoll hits you from afar with a +0 halberd!
* * * LOW HITPOINT WARNING * * *
The gnoll hits you with a +0 halberd!
You die...

#.....###...# #.....#
#########.#....##...# #......
........#.#.#..##...#####.....#
........#.#.#..##......##.....#
........'..<#..##......##.....#
........#####..##......##.....#
...............##.)....##.....###
................g......+.........
...........#...#@###)..##...<#.##
........##.#...#)# .##..###.##
........##.#.#.#.# #..###.##
........##.#...#.# #......##
........##.#####.########.#######
##.#######.....................#
#.# #######.#########.###.# #.#
#...# #.....# ## ##'###### ###.#
#.##### #.


You could see a gnoll.

Vanquished Creatures
  3 gnolls (D:2)
  An adder (D:2)
  A worm (D:2)
  4 endoplasms
  3 giant cockroaches
  2 goblins (D:1)
  2 hobgoblins
  3 jackals (D:1)
  A ball python (D:2)
  2 bats (D:2)
  A frilled lizard (D:1)
  6 kobolds
  6 rats
35 creatures vanquished.

Notes
Turn   | Place    | Note
-------+----------+-------------------------------------------
     0 | D:1      | BinkBink the Gargoyle Fighter began the quest for the Orb.
     0 | D:1      | Reached XP level 1. HP: 14/14 MP: 1/1
   148 | D:1      | Reached XP level 2. HP: 18/19 MP: 2/2
   479 | D:1      | Found a faded altar of an unknown god.
   985 | D:2      | Reached XP level 3. HP: 23/23 MP: 3/3
  1147 | D:2      | Reached XP level 4. HP: 11/29 MP: 4/4
  1154 | D:2      | Mangled by a gnoll

Illustrated notes

Levels and vault maps discovered:
D:1:      dpeg_arrival_shelter, layout_basic, serial_aquarium,
          aquarium_bridge_long_separate [aquarium_subvault_bridge,
          aquarium_subvault_bridge, aquarium_subvault_window,
          aquarium_subvault_bridge, aquarium_subvault_window,
          aquarium_subvault_bridge], aquarium_window_corner,
          aquarium_window_corridor_1, aquarium_view_2d,
          hellmonk_ecumenical_altar_run_dry
D:2:      layout_basic

Action                     |  1- 3 |  4- 6 || total
---------------------------+-------+-------++-------
  Melee: Flail             |   106 |     6 ||   112
 Armour: Scale mail        |    68 |       ||    68
         Chain mail        |    12 |     7 ||    19
  Dodge: Dodged            |    59 |     4 ||    63
  Block: Buckler           |    26 |     5 ||    31

Table legend: (Time is in decaauts)
 A = Elapsed time spent in this place.
 B = Non-inter-level travel time spent in this place.
 C = Inter-level travel time spent in this place.
 D = Time resting spent in this place.
 E = Time spent auto-exploring this place.
 F = Levels seen in this place.
 G = Mean time per level.
                   A        B        C        D        E       F      G
               +--------+--------+--------+--------+--------+-----+--------+
         Total |   1189 |   1151 |     38 |      0 |    873 |   2 |  594.5 |
       Dungeon |   1189 |   1151 |     38 |      0 |    873 |   2 |  594.5 |
               +--------+--------+--------+--------+--------+-----+--------+

Top non-repeatable levels by time:
     D:1: 829 daAuts
     D:2: 360 daAuts
